 Dungeon Crawl Stone Soup version 0.29-a0-557-g43b9904bd1 (webtiles) character file.

Game seed: 1873192904601284770

1778 oldriver the Thaumaturge (level 9, -8/78 HPs)
             Began as a Ghoul Necromancer on June 9, 2022.
             Was a Follower of Kikubaaqudgha.
             Mangled by a wight
             ... wielding a +0 long sword
              (12 damage)
             ... on level 6 of the Dungeon.
             The game lasted 00:13:36 (10173 turns).

oldriver the Thaumaturge (Ghoul Necromancer)       Turns: 10173, Time: 00:13:37

Health: -8/78      AC:  5    Str: 12    XL:     9   Next: 8%
Magic:  20/20      EV: 12    Int: 14    God:    Kikubaaqudgha [*.....]
Gold:   282        SH:  0    Dex:  9    Spells: 20/24 levels left

rFire   . . .      SeeInvis .   u - +4 spear (venom)
rCold   + . .      Faith    .   (no shield)
rNeg    + + +      Spirit   .   a - +0 robe
rPois   ∞          Reflect  .   (no helmet)
rElec   .          Harm     .   (no cloak)
rCorr   +          Rampage  .   (no gloves)
Will    .....                   n - +2 pair of boots
Stlth   ++........              (no amulet)
HPRegen 0.00/turn               d - ring of resist corrosion
MPRegen 0.17/turn               i - ring of wizardry

@: inhibited regen
A: claws 1, cold resistance 1, negative energy resistance 3, inhibited
regeneration, torment resistance 2, devour on kill
a: Renounce Religion, Unearth Wretches


You were on level 6 of the Dungeon.
You worshipped Kikubaaqudgha.
Kikubaaqudgha was aware of your devotion.
You visited 2 branches of the dungeon, and saw 8 of its levels.

You collected 432 gold pieces.
You spent 150 gold pieces at shops.

Inventory:

Hand Weapons
 u - a +4 spear of venom (weapon)
Missiles
 o - a throwing net
Armour
 a - a +0 robe (worn)
 n - a +2 pair of boots (worn)
Jewellery
 d - a ring of resist corrosion (left claw)
 i - a ring of wizardry (right claw)
Wands
 c - a wand of iceblast (12)
 j - a wand of paralysis (9)
 k - a wand of mindburst (32)
 l - a wand of polymorph (12)
Scrolls
 f - a scroll of amnesia
 h - 2 scrolls of fear
Potions
 b - a potion of magic
 e - a potion of ambrosia
 g - a potion of degeneration
 m - a potion of berserk rage {unknown}
 p - a potion of lignification
 s - a potion of curing
 t - a potion of cancellation {unknown}
 w - a potion of mutation {unknown}


   Skills:
 + Level 6.9 Fighting
 - Level 1.7 Dodging
 - Level 2.1 Stealth
 * Level 8.1 Spellcasting
 - Level 4.0 Necromancy


You had 20 spell levels left.
You knew the following spells:

 Your Spells              Type           Power      Damage    Failure   Level
a - Necrotize             Necr           64%        1d7       1%          1
b - Vampiric Draining     Necr           16%        2d7       3%          3

Your spell library contained the following spells:

 Spells                   Type           Power      Damage    Failure   Level
 Animate Dead             Necr           16%        N/A       10%         4
 Dazzling Flash           Conj/Hex       10%        N/A       16%         3
 Anguish                  Hex/Necr       5%         N/A       22%         4
 Agony                    Necr           16%        N/A       26%         5
 Silence                  Hex/Air        2%         N/A       77%         5
 Enfeeble                 Hex            2%         N/A       100%        7


Dungeon Overview and Level Annotations

Branches:
Dungeon (7/15)             Temple (1/1) D:4

Altars:
Ashenzari
Cheibriados
Dithmenos
Elyvilon
Fedhas
Gozag
Hepliaklqana
Kikubaaqudgha
Makhleb
Nemelex Xobeh
Qazlal
Ru
Sif Muna
Uskayaw
Vehumet
Xom
Yredelemnul
Zin
The Shining One

Shops:
D:3 :   D:5 *


Innate Abilities, Weirdness & Mutations

You are immune to poison.
You have sharp fingernails.
Your flesh is cold resistant. (rC+)
You are immune to negative energy. (rN+++)
You do not regenerate when monsters are visible.
You are immune to unholy pain and torment.
You thrive by killing the living.


Message History

Found 2 scrolls of identify.
The wight attacks as you move away! The wight completely misses you.
Found a scroll of poison.
The white imp hits you. The white imp freezes you. You resist.
The wight hits you with a +0 long sword.
* * * LOW HITPOINT WARNING * * *
There is a stone staircase leading up here.
The white imp gestures at you. The puff of frost hits you. You resist.
* * * LOW HITPOINT WARNING * * *
The wight hits you with a +0 long sword.
* * * LOW HITPOINT WARNING * * *
You climb upwards.
There is a stone staircase leading down here.
You hit the white imp but do no damage. The wight closely misses you.
The white imp gestures at you.
The puff of frost hits you but does no damage.
Casting: Vampiric Draining (dangerous; 3% risk of failure)
Confirm with . or Enter, or press ? or * to list all spells.
You can't see any susceptible monsters within range! (Use Z to cast anyway.)
You closely miss the white imp. The wight barely misses you.
The white imp gestures at you. The puff of frost hits you. You resist.
* * * LOW HITPOINT WARNING * * *
You hit the white imp.
The white imp is lightly wounded.
The wight barely misses you. The white imp closely misses you.
You hit the white imp.
The white imp is poisoned.
The white imp is moderately wounded.
The wight hits you with a +0 long sword.
* * * LOW HITPOINT WARNING * * *
The white imp completely misses you.
You hit the white imp.
The white imp looks as sick as possible!
The white imp is severely wounded.
You kill the white imp!
Kikubaaqudgha accepts your kill.
The wight hits you with a +0 long sword!
You die...
Kikubaaqudgha rasps: "You have failed me!
Welcome... oblivion!"

##...........# ##..
##.......#### #.. ###
###..#### #.. ##.##
##..# #..
##...####..## ##.
#......##..# ####.
#..........# ###....
##........##
####...... #....z@..#
###......###
#........###......###
##......<.......###
#...........##..#
###.......#####.#
##..##.....## ###
#.#####.....## ###
###....## ##....####


You could see a wight.

Vanquished Creatures
  Eustachio (D:6)
  A water moccasin (D:5)
  2 ice beasts (D:6)
  2 ogres
  A phantom (D:6)
  2 necrophages
  Blork the orc (D:4)
  2 scorpions (D:5)
  A wight (D:7)
  A howler monkey (D:4)
  An orc priest (D:5)
  A hound (D:5)
  A gnoll shaman (D:6)
  Jessica (D:3)
  2 iguanas
  Natasha (thrice) (D:3)
  An orc wizard (D:4)
  17 gnolls
  7 adders
  A shadow imp (D:6)
  3 white imps
  A worm (D:3)
  A dart slug (D:2)
  13 orcs
  3 ball pythons
  11 endoplasms
  A giant cockroach (D:4)
  24 goblins
  22 hobgoblins
  3 jackals (D:1)
  8 kobolds
  2 quokkas
  4 bats
  3 frilled lizards
  6 rats
154 creatures vanquished.

Vanquished Creatures (collateral kills)
  3 gnolls
  2 goblins (D:3)
  2 hobgoblins (D:3)
  A kobold (D:3)
8 creatures vanquished.

Vanquished Creatures (others)
  11 fungi (D:5)
  34 plants
45 creatures vanquished.

Grand Total: 207 creatures vanquished

Notes
Turn   | Place    | Note
-------+----------+-------------------------------------------
     0 | D:1      | oldriver the Ghoul Necromancer began the quest for the Orb.
     0 | D:1      | Reached XP level 1. HP: 14/14 MP: 2/2
    42 | D:1      | Reached skill level 2 in Spellcasting
   128 | D:1      | Reached XP level 2. HP: 19/22 MP: 2/4
   479 | D:1      | Reached skill level 1 in Fighting
   882 | D:1      | Reached XP level 3. HP: 24/28 MP: 1/5
  1136 | D:2      | Found a faded altar of an unknown god.
  2024 | D:2      | Reached skill level 3 in Spellcasting
  2177 | D:3      | Learned a level 3 spell: Vampiric Draining
  2215 | D:3      | Reached XP level 4. HP: 36/36 MP: 3/7
  2289 | D:3      | Found a broken altar of Ashenzari.
  2448 | D:3      | Noticed Jessica
  2451 | D:3      | Killed Jessica
  2722 | D:3      | Noticed Natasha
  2726 | D:3      | Killed Natasha
  2727 | D:3      | Reached XP level 5. HP: 42/42 MP: 4/9
  2746 | D:3      | Noticed Natasha
  2759 | D:3      | Killed Natasha
  2910 | D:3      | Found Wodif's Book Shoppe.
  3162 | D:3      | Reached skill level 4 in Spellcasting
  3927 | D:3      | Reached XP level 6. HP: 47/51 MP: 1/11
  4054 | D:3      | Noticed Natasha
  4081 | D:3      | Killed Natasha
  5340 | D:4      | Found a staircase to the Ecumenical Temple.
  5358 | Temple   | Entered the Ecumenical Temple
  5521 | Temple   | Became a worshipper of Kikubaaqudgha
  5580 | D:4      | Reached skill level 5 in Spellcasting
  5719 | D:4      | Noticed Blork the orc
  5739 | D:4      | Killed Blork the orc
  5740 | D:4      | Reached XP level 7. HP: 49/59 MP: 5/13
  6564 | D:5      | Entered Level 5 of the Dungeon
  7026 | D:5      | Reached skill level 6 in Spellcasting
  7237 | D:5      | Reached skill level 5 in Fighting
  7241 | D:5      | Reached XP level 8. HP: 62/68 MP: 10/16
  7727 | D:5      | Found Duinub's General Store.
  7732 | D:5      | Bought a scroll of identify for 24 gold pieces
  7732 | D:5      | Bought a scroll of enchant weapon for 90 gold pieces
  7732 | D:5      | Bought a scroll of teleportation for 36 gold pieces
  8202 | D:6      | Found a basalt altar of Yredelemnul.
  8284 | D:6      | Reached skill level 7 in Spellcasting
  8926 | D:6      | Noticed Eustachio
  9075 | D:6      | Found a snail-covered altar of Cheibriados.
  9332 | D:6      | Reached * piety under Kikubaaqudgha
  9332 | D:6      | Received a gift from Kikubaaqudgha
  9533 | D:6      | Killed Eustachio
  9534 | D:6      | Reached XP level 9. HP: 73/78 MP: 10/19
  9680 | D:6      | Reached skill level 8 in Spellcasting
 10173 | D:6      | Mangled by a wight

Illustrated notes

Levels and vault maps discovered:
D:1:      dpeg_arrival_short_road, layout_basic
D:2:      layout_basic, shapermc_ecumenical_altar_mp_ritualfount,
          minmay_fountain_box
D:3:      minmay_goblin_kobold_castle, layout_rooms, old_standard_altar,
          serial_shops, nicolae_shop_statue_plus, grunt_decor_arrowhead,
          hangedman_decor_riveting, nrook_mini_vaults, uniq_natasha,
          uniq_jessica
D:4:      layout_cave_pods, minmay_temple_entry_overgrown, uniq_blork_the_orc
D:5:      layout_basic, serial_shops, kennysheep_little_box, serial_aquarium,
          aquarium_bridge_straight [aquarium_subvault_bridge,
          aquarium_subvault_wall, aquarium_subvault_bridge,
          aquarium_subvault_window], aquarium_window_corridor_3,
          aquarium_window_fake, aquarium_view_2f, aquarium_view_2f,
          aquarium_balcony_3b
D:6:      layout_cave_pods, mainiacjoe_overflow_catch_the_wave, uniq_eustachio
D:7:      layout_rooms, kennysheep_okawaru_gauntlet, st_stairs_4
Temple:   eino_temple_rhombus

Skill      XL: |  1  2  3  4  5  6  7  8  9 |
---------------+----------------------------+-----
Spellcasting   | 2 3 4 5 6 7 8 |  8.1
Fighting       | 1 2 3 4 5 6 |  6.9
Dodging        | |  1.7
Stealth        | |  2.1
Necromancy     | |  4.0

Action                   |  1- 3 |  4- 6 |  7- 9 || total
-------------------------+-------+-------+-------++-------
Melee: Unarmed           |    38 |       |       ||    38
       Punch             |     1 |     1 |     2 ||     4
       Trident           |       |    55 |   180 ||   235
       Spear             |       |       |    19 ||    19
 Cast: Necrotize         |    68 |   207 |    96 ||   371
       Vampiric Draining |       |    11 |    37 ||    48
  Use: Scroll            |       |     4 |    10 ||    14
       Potion            |       |     3 |       ||     3
Armor: Robe              |    14 |    45 |   131 ||   190
Dodge: Dodged            |    41 |   107 |   200 ||   348

Table legend: (Time is in decaauts)
 A = Elapsed time spent in this place.
 B = Non-inter-level travel time spent in this place.
 C = Inter-level travel time spent in this place.
 D = Time resting spent in this place.
 E = Time spent auto-exploring this place.
 F = Levels seen in this place.
 G = Mean time per level.
                   A        B        C        D        E       F      G
               +--------+--------+--------+--------+--------+-----+--------+
         Total |  10274 |   9960 |    314 |   1587 |   6291 |   8 | 1284.2 |
       Dungeon |  10099 |   9798 |    301 |   1587 |   6143 |   7 | 1442.7 |
        Temple |    174 |    161 |     13 |      0 |    148 |   1 |  174.0 |
               +--------+--------+--------+--------+--------+-----+--------+

Top non-repeatable levels by time:
     D:3: 2836 daAuts
     D:6: 2020 daAuts
     D:5: 1545 daAuts
     D:2: 1366 daAuts
     D:4: 1143 daAuts
     D:1: 1098 daAuts
  Temple: 174 daAuts
     D:7: 89 daAuts
